 Dungeon Crawl Stone Soup version 0.21.1-1-g345015f (webtiles) character file.

35 JrNeurotic the Conjurer (level 3, -1/16 HPs)
             Began as a Vine Stalker Conjurer on July 9, 2018.
             Slain by a rat (2 damage)
             ... on level 3 of the Dungeon.
             The game lasted 00:06:17 (1303 turns).

JrNeurotic the Conjurer (Vine Stalker Conjurer)     Turns: 1303, Time: 00:06:18

Health: -1/16      AC:  2    Str: 10    XL:     3   Next: 35%
Magic:  0/7        EV:  9    Int: 16    God:
Gold:   84         SH:  6    Dex: 14    Spells: 5/6 levels left

rFire    . . .     SeeInvis .   d - +1 spear
rCold    . . .     Gourm    .   f - +0 shield
rNeg     . . .     Faith    .   a - +0 robe
rPois    .         Spirit   +   (no helmet)
rElec    .         Reflect  .   (no cloak)
rCorr    .         Harm     .   (no gloves)
MR       .....                  (no boots)
Stlth    ++........             (no amulet)
HPRegen  0.05/turn              (no ring)
MPRegen  0.10/turn              (no ring)

@: very slightly contaminated
A: fangs 2, magic shield, antimagic bite, no potion heal 3, rot immunity
a: no special abilities


You were on level 3 of the Dungeon.
You were not hungry.

You visited 1 branch of the dungeon, and saw 3 of its levels.

You collected 84 gold pieces.

Inventory:

Hand Weapons
 d - a +1 spear (weapon)
 i - a +0 hunting sling
Armour
 a - a +0 robe (worn)
 f - a +0 shield (worn)
Scrolls
 e - 2 scrolls of identify
 h - a scroll of remove curse
Potions
 g - 2 potions of berserk rage {unknown}
 l - 2 potions of lignification {unknown}
 m - a potion of haste {unknown}
Books
 b - a book of Conjurations

   Spells                             Type                      Level
   a - Magic Dart                     Conjuration                  1
   b - Searing Ray                    Conjuration                  2
   c - Dazzling Spray                 Conjuration/Hexes            3
   d - Fulminant Prism                Conjuration/Hexes            4
   e - Force Lance                    Conjuration/Translocation    4
   f - Iskenderun's Mystic Blast      Conjuration                  4
Comestibles
 c - 2 rations
 k - 12 chunks of flesh


   Skills:
 + Level 1.6 Dodging
 * Level 3.1 Stealth
 * Level 2.4 Spellcasting
 * Level 4.6 Conjurations


You had 5 spell levels left.
You knew the following spells:

 Your Spells              Type           Power        Failure   Level  Hunger
a - Magic Dart            Conj           ###.         21%         1    #......


Dungeon Overview and Level Annotations

Branches:
Dungeon (3/15)

Altars:


Innate Abilities, Weirdness & Mutations

You have extremely sharp teeth.
When hurt, damage is shared between your health and your magic reserves.
Your bite disrupts and absorbs the magic of your enemies.
Potions cannot restore your health.
You are immune to rotting.


Message History

Attack whom?
Press: ? - help, Dir - move target cursor, f/p - worker ant
Aim: a worker ant (lightly wounded)
The rat is in the way.
You barely miss the rat. Your bite misses the rat.
The rat is severely wounded.
You block the rat's attack.
Attack whom?
Press: ? - help, Dir - move target cursor, f/p - worker ant
Aim: a worker ant (lightly wounded)
You reach to attack!
You hit the worker ant.
The worker ant is lightly wounded.
The rat barely misses you. The rat bites you.
* * * LOW HITPOINT WARNING * * *
Attack whom?
Press: ? - help, Dir - move target cursor, f/p - worker ant
Aim: a worker ant (lightly wounded)
You reach to attack!
You closely miss the worker ant.
The worker ant is lightly wounded.
The rat bites you.
You die...

#..#.######.#
######...........###
#..................#
#.#####...###÷####.#
##.#####...# #.# ..
..##...# #.# #.
#.##...# #.#####
.##.##.##.##...#
#...÷.#
..<...ar@......#
#####.#
###.##.##.###..# #.#
#. #.# ..# #.# ..
... ..# ##.##
##.##### .## #....
#. .# #..## #. .#
#..# #. #..# #..#


You could see a worker ant and a rat.

Vanquished Creatures
  A worm (D:2)
  A dart slug (D:1)
  2 leopard geckos (D:2)
  An orc (D:3)
  2 ball pythons
  A giant cockroach (D:1)
  2 goblins
  3 hobgoblins
  2 jackals (D:3)
  A kobold (D:3)
  5 bats
  3 frilled lizards (D:2)
  3 rats (D:1)
27 creatures vanquished.

Notes
Turn   | Place    | Note
-------+----------+-------------------------------------------
     0 | D:1      | JrNeurotic the Vine Stalker Conjurer began the quest for the Orb.
     0 | D:1      | Reached XP level 1. HP: 9/9 MP: 4/4
   274 | D:1      | Reached XP level 2. HP: 13/13 MP: 6/6
  1012 | D:2      | Reached XP level 3. HP: 14/16 MP: 0/7
  1303 | D:3      | Slain by a rat

Skill      XL: |  1  2  3 |
---------------+----------+-----
Stealth        | 3 |  3.1
Dodging        | |  1.6
Spellcasting   | |  2.4
Conjurations   | |  4.6

Action                   || total
-------------------------++-------
Melee: Unarmed           ||     9
       Bite              ||    12
       Spear             ||    69
 Cast: Magic Dart        ||    31
  Use: Scroll            ||     5
 Stab: Sleeping          ||     6
  Eat: Chunk             ||     2
Armor: Robe              ||     6
Dodge: Dodged            ||    33
Block: Shield            ||    17
